Description

copy of vibes hatch 1st game

Replay - B2GM - ZvZ - Diamond 3 - Game 3

Build Order

Get SALT Encoding   

  12  0:01  Drone  
  13  0:13  Overlord  
  13  0:17  Drone  
  14  0:31  Drone x2  
  16  0:50  Hatchery  
  16  0:53  Drone x2  
  17  1:09  Drone  
  18  1:13  Extractor  
  18  1:16  Spawning Pool  
  16  1:18  Drone  
  17  1:27  Drone  
  18  1:34  Drone  
  19  1:48  Overlord  
  19  2:02  Queen x2  
  19  2:04  Zergling x4  
  28  2:20  Metabolic Boost  
  28  2:30  Spine Crawler  
  31  2:47  Baneling Nest  
  30  2:56  Zergling x4  
  34  3:05  Overlord  
  34  3:11  Zergling x4  
  35  3:25  Zergling x8  
  42  3:30  Queen  
  43  3:51  Overlord  
  44  3:58  Baneling x2  
  44  4:03  Overlord  
  44  4:10  Hatchery  
  50  4:43  Roach Warren  
  50  4:44  Extractor x2  
  48  4:54  Queen  
  54  5:29  Roach x4  
  62  5:37  Roach x5  
  72  5:46  Roach  
  84  6:20  Hatchery  
  82  6:25  Lair  
  82  6:31  Evolution Chamber  
  92  7:35  Extractor x2  
  96  7:45  Hydralisk Den  
  96  7:46  Extractor  
  96  7:49  Zerg Missile Weapons Level 1, Glial Reconstitution  
  97  7:52  Hatchery  
  114  8:21  Grooved Spines  
  114  8:24  Lurker Den  
  160  9:15  Hydralisk x5  
  170  9:19  Overseer  
  170  9:23  Hydralisk x5  
  180  9:32  Muscular Augments  
Spawning Tool Build Advisor. Get it on Overwolf

Go to:

Details

  • Created by: kingfish
  • Published on: Jan 26, 2020
  • Modified on: Jan 26, 2020
  • Patch: 4.11.0
Show
View Real Time Build Order
Export as new Build Order

Comments (0)

There are no comments. Be the first!

Create an account to comment!